 Dungeon Crawl Stone Soup version 0.26-a0-1058-g8dc6ce00ff (console) character file.

Game seed: 9978028082242433902

(classic levelgen) 65 Duffy the Sneak (level 3, 16/16 HPs)
             Began as a Spriggan Enchanter on Dec 13, 2020.
             Was an Initiate of Ashenzari.
             Quit the game on level 3 of the Dungeon.
             The game lasted 00:03:02 (2039 turns).

Duffy the Sneak (Spriggan Enchanter)                Turns: 2039, Time: 00:03:03

Health: 16/16      AC:  2    Str:  4    XL:     3   Next: 94%
Magic:  1/8        EV: 19    Int: 17    God:    Ashenzari [......]
Gold:   77         SH:  0    Dex: 16    Spells: 2/8 levels left

rFire    . . .     SeeInvis +   a - +1 dagger
rCold    . . .     Faith    .   (shield restricted)
rNeg     . . .     Spirit   .   b - +0 robe
rPois    .         Reflect  .   (helmet restricted)
rElec    .         Harm     .   (no cloak)
rCorr    .         Rampage  .   (gloves unavailable)
Will     .....                  (boots unavailable)
Stlth    +++.......             (no amulet)
HPRegen  0.05/turn              (no ring)
MPRegen  0.11/turn              (no ring)

@: very quick
A: very small, unfitting armour, see invisible, speed 3
a: Curse Item, Renounce Religion


You were on level 3 of the Dungeon.
You worshipped Ashenzari.
Ashenzari was noncommittal.
You visited 1 branch of the dungeon, and saw 3 of its levels.

You collected 77 gold pieces.

Inventory:

Hand Weapons
 a - a +1 dagger (weapon)
Armour
 b - a +0 robe (worn)
Scrolls
 d - 2 scrolls of identify {unknown}
 f - 2 scrolls of remove curse
 g - 2 scrolls of enchant armour {unknown}
 h - a scroll of fog {unknown}
 i - a scroll of teleportation {unknown}
Potions
 c - a potion of cancellation {unknown}
 e - 2 potions of degeneration {unknown}


   Skills:
 + Level 2.1 Short Blades
 + Level 3.8 Dodging
 + Level 5.2 Stealth
 + Level 3.3 Spellcasting
 + Level 4.1 Hexes


You had 2 spell levels left.
You knew the following spells:

 Your Spells              Type           Power        Failure   Level
a - Corona                Hex            ###....      3%          1
h - Ensorcelled Hibernat  Hex/Ice        #.....       11%         2
j - Tukima's Dance        Hex            ###.....     10%         3

Your spell library contained the following spells:

 Spells                   Type           Power        Failure   Level
 Confusing Touch          Hex            ###.....     10%         3
 Dazzling Flash           Conj/Hex       #.....       22%         3


Dungeon Overview and Level Annotations

Branches:
Dungeon (3/15)

Altars:
Ashenzari
Gozag
Uskayaw


Innate Abilities, Weirdness & Mutations

You are very small and have problems with some larger weapons.
You are too small for most types of armour.
You have supernaturally acute eyesight. (SInv)
You cover ground extremely quickly.


Message History

You closely miss the kobold.
The kobold is heavily wounded.
The kobold completely misses you.
Cast which spell? (? or * to list)
Aiming: Ensorcelled Hibernation (safe; 11% risk of failure)
Press: ? - help, Shift-Dir - straight line, f/p - kobold
Aim: a kobold, wearing a +0 ring mail and quivering 20 stones (heavily wounded, chance to affect: 58%)
The kobold looks drowsy...
The helpless kobold fails to defend itself.
You impale the kobold!!
You kill the kobold!
Cast which spell? (? or * to list)
You don't have enough magic to cast that spell.
An orc comes into view. It is wielding a +0 flail.
Your magical contamination has completely faded away.
Things that are here:
20 stones; a +0 ring mail; a kobold corpse An orc is nearby!
The orc shouts!
You hear a shout! x2
Are you sure you want to abandon this character and quit the game? (Confirm with "yes".)

.# ### #.# ## #)### #.#
. #.#... #.# .# #.####.
#.##.#########(##
#................
#.#####..######.####...
#.o..@...# #.# #..#
#.#####(## #.#####.#
#.# #...# #.# #.# ###.#
#.# #.# #.# #.# #.# #<#
#.# ###.### #%# #<#
#)....# #.# #.#
####..(..## #.# #.#


You could see an orc.

Vanquished Creatures
  2 adders (D:2)
  A worm (D:3)
  3 bats
  3 giant cockroaches
  8 hobgoblins
  6 jackals
  5 frilled lizards
  3 goblins
  4 kobolds
  6 rats
41 creatures vanquished.

Notes
Turn   | Place    | Note
-------+----------+-------------------------------------------
     0 | D:1      | Duffy the Spriggan Enchanter began the quest for the Orb.
     0 | D:1      | Reached XP level 1. HP: 9/9 MP: 5/5
   258 | D:1      | Reached XP level 2. HP: 13/13 MP: 6/6
   335 | D:1      | Learned a level 2 spell: Ensorcelled Hibernation
   966 | D:2      | Reached XP level 3. HP: 16/16 MP: 8/8
   971 | D:2      | Learned a level 3 spell: Tukima's Dance
  1128 | D:2      | Reached skill level 5 in Stealth
  1152 | D:2      | Found a hide-covered altar of Uskayaw.
  1152 | D:2      | Found a broken altar of Ashenzari.
  1164 | D:2      | Became a worshipper of Ashenzari the Shackled
  1348 | D:2      | Found an opulent altar of Gozag.
  2039 | D:3      | Quit the game

Illustrated notes

Levels and vault maps discovered:
D:1:      moated_graveyard_arrival, layout_rooms, hangedman_glass_teeth
D:2:      layout_basic, gammafunk_temple_overflow_elements, grunt_gozag_statues
D:3:      layout_loops_ring, gammafunk_temple_overflow_statue,
          chequers_ecumenical_altar_twisty

Skill      XL: |  1  2  3 |
---------------+----------+-----
Spellcasting   | 3 |  3.3
Hexes          | 4 |  4.1
Stealth        | 5 |  5.2
Short Blades   | 2 |  2.1
Dodging        | |  3.8

Action                   || total
-------------------------++-------
Melee: Dagger            ||   167
 Cast: Ensorcelled Hiber ||    17
 Stab: Sleeping          ||    16
Armor: Robe              ||     9
Dodge: Dodged            ||   139

Table legend: (Time is in decaauts)
 A = Elapsed time spent in this place.
 B = Non-inter-level travel time spent in this place.
 C = Inter-level travel time spent in this place.
 D = Time resting spent in this place.
 E = Time spent auto-exploring this place.
 F = Levels seen in this place.
 G = Mean time per level.
                   A        B        C        D        E       F      G
               +--------+--------+--------+--------+--------+-----+--------+
         Total |   1689 |   1668 |     21 |    108 |   1135 |   3 |  563.0 |
       Dungeon |   1689 |   1668 |     21 |    108 |   1135 |   3 |  563.0 |
               +--------+--------+--------+--------+--------+-----+--------+

Top non-repeatable levels by time:
     D:2: 1074 daAuts
     D:1: 405 daAuts
     D:3: 209 daAuts
